 Dungeon Crawl Stone Soup version 0.28-a0-991-g956f0ee3d5 (webtiles) character file.

Game seed: 6048384611010545029

343 Froggeryz the Cudgeller (level 6, 0/38 HPs)
             Began as a Gargoyle Cinder Acolyte on Dec 5, 2021.
             Was a High Priest of Ignis.
             Slain by an orc (1 damage)
             ... on level 5 of the Dungeon.
             The game lasted 00:03:21 (5004 turns).

Froggeryz the Cudgeller (Gargoyle Cinder Acolyte)   Turns: 5004, Time: 00:03:21

Health: 0/38       AC: 11    Str: 20    XL:     6   Next: 57%
Magic:  7/7        EV:  9    Int: 14    God:    Ignis [*****.]
Gold:   266        SH:  0    Dex:  5    Spells: 7/7 levels left

rFire   + . .      SeeInvis .   a - -1 mace (flame)
rCold   . . .      Faith    .   (no shield)
rNeg    + + .      Spirit   .   c - +0 scale mail
rPois   ∞          Reflect  .   (no helmet)
rElec   +          Harm     .   (no cloak)
rCorr   .          Rampage  .   (no gloves)
Will    .....                   (no boots)
Stlth   ..........              (no amulet)
HPRegen 0.12/turn               m - ring of positive energy
MPRegen 0.10/turn               (no ring)

@: no status effects
A: sickness immunity, AC +4, negative energy resistance 1, electricity
resistance, torment resistance 1, petrification resistance
a: Renounce Religion, Fiery Armour, Foxfire Swarm, Rising Flame


You were on level 5 of the Dungeon.
You worshipped Ignis.
Ignis was extremely pleased with you.
You visited 1 branch of the dungeon, and saw 5 of its levels.

You collected 266 gold pieces.

Inventory:

Hand Weapons
 a - a -1 mace of flaming (weapon)
 s - a +1 short sword of venom
 v - a +0 morningstar
Missiles
 o - a boomerang (quivered)
Armour
 c - a +0 scale mail (worn)
Jewellery
 m - a ring of positive energy (left hand)
Wands
 u - a wand of polymorph (9)
Scrolls
 e - 4 scrolls of teleportation
 h - a scroll of magic mapping {unknown}
 j - a scroll of silence
 n - a scroll of immolation
 r - a scroll of enchant armour
 t - a scroll of fear
 w - a scroll of vulnerability {unknown}
Potions
 b - a potion of magic {unknown}
 d - 5 potions of heal wounds
 f - a potion of degeneration {unknown}
 g - a potion of brilliance {unknown}
 i - a potion of lignification {unknown}
 k - a potion of might {unknown}
 l - a potion of resistance {unknown}
 p - a potion of curing
 q - 2 potions of haste {unknown}


   Skills:
 + Level 4.0 Fighting
 * Level 6.1 Maces & Flails
 - Level 3.0 Armour
 - Level 1.0 Spellcasting
 - Level 3.0 Fire Magic


You had 7 spell levels left.
You didn't know any spells.
Your spell library contained the following spells:

 Spells                   Type           Power      Damage    Failure   Level
 Scorch                   Fire           18%        2d5       32%         2
 Magic Dart               Conj           0%         1d3       58%         1
 Searing Ray              Conj           0%         2d4       73%         2
 Ozocubu's Armour         Ice            0%         N/A       91%         3
 Fulminant Prism          Conj/Hex       0%         3d6       100%        4
 Petrify                  Tmut/Erth      0%         N/A       100%        4
 Irradiate                Conj/Tmut      0%         3d13      100%        5
 Ozocubu's Refrigeration  Ice            0%         4d5       100%        7
 Sublimation of Blood     Necr           Unusable   N/A       N/A         2

Dungeon Overview and Level Annotations

Branches:
Dungeon (5/15)
 Temple: D:4-7

Altars:
Gozag
Vehumet


Innate Abilities, Weirdness & Mutations

You are immune to sickness and miasma.
Your stone body is resilient. (AC +4)
You are immune to poison.
You resist negative energy. (rN+)
You are resistant to electric shocks. (rElec)
You are resistant to unholy torment.
You are immune to petrification.


Message History

You completely miss the orc.
The orc is heavily wounded.
The orc hits you but does no damage.
Your scale mail prevents you from hitting the orc.
The orc is heavily wounded.
The orc hits you with a +0 short sword.
You completely miss the orc.
The orc is heavily wounded.
The orc barely misses you.
You barely miss the orc.
The orc is heavily wounded.
The orc hits you with a +0 short sword. The orc misses you.
You barely miss the orc.
The orc is heavily wounded.
The orc hits you but does no damage.
You hit the orc. You burn the orc.
The orc is almost dead.
The orc hits you but does no damage.
You closely miss the orc.
The orc is almost dead.
The orc hits you with a +0 short sword.
* * * LOW HITPOINT WARNING * * *
You closely miss the orc.
The orc is almost dead.
The orc hits you with a +0 short sword.
* * * LOW HITPOINT WARNING * * *
You completely miss the orc.
The orc is almost dead.
The orc barely misses you.
You barely miss the orc.
The orc is almost dead.
The orc misses you.
You hit the orc but do no damage.
The orc is almost dead.
The orc hits you with a +0 short sword.
* * * LOW HITPOINT WARNING * * *
You barely miss the orc.
The orc is almost dead.
The orc hits you with a +0 short sword.
You die...

.####.#.#.#......##
....#..[.........#
..#...........####
...............#
#.......>......#
#.##.##....#####
##. ## #....#
....#.##....#
........@...#
........o##.+
.........##.+
.........##.#
.........##.#
.......... .#
..........#
........##.
.$......# ..


You could see an orc.

Vanquished Creatures
  A scorpion (D:5)
  An orc priest (D:4)
  Natasha (thrice) (D:3)
  2 orc wizards (D:3)
  A hound skeleton (D:5)
  4 adders
  A howler monkey skeleton (D:5)
  An ufetubus (D:4)
  2 worms (D:4)
  A dart slug (D:3)
  3 orcs (D:4)
  6 endoplasms
  A giant cockroach (D:1)
  4 goblins
  6 hobgoblins
  2 jackals (D:1)
  8 kobolds
  A quokka (D:1)
  5 ball pythons
  6 bats
  2 frilled lizards (D:3)
  3 rats
64 creatures vanquished.

Notes
Turn   | Place    | Note
-------+----------+-------------------------------------------
     0 | D:1      | Froggeryz the Gargoyle Cinder Acolyte began the quest for
                  | the Orb.
     0 | D:1      | Reached XP level 1. HP: 14/14 MP: 2/2
   325 | D:1      | Reached XP level 2. HP: 17/19 MP: 3/3
   457 | D:1      | Reached skill level 1 in Armour
  1287 | D:2      | Reached XP level 3. HP: 23/23 MP: 4/4
  1877 | D:2      | Reached skill level 4 in Maces & Flails
  2060 | D:2      | Found a faded altar of an unknown god.
  2539 | D:3      | Noticed Natasha
  2554 | D:3      | Killed Natasha
  2555 | D:3      | Reached XP level 4. HP: 21/28 MP: 5/5
  2645 | D:3      | Found an opulent altar of Gozag.
  2778 | D:3      | Noticed Natasha
  2786 | D:3      | Killed Natasha
  2872 | D:3      | Noticed Natasha
  2885 | D:3      | HP: 1/28 [Natasha/magic dart (5)]
  2888 | D:3      | Killed Natasha
  2889 | D:3      | Reached XP level 5. HP: 1/32 MP: 6/6
  3455 | D:4      | Reached skill level 5 in Maces & Flails
  4155 | D:4      | Reached XP level 6. HP: 32/37 MP: 7/7
  4722 | D:4      | Found a radiant altar of Vehumet.
  4851 | D:5      | Entered Level 5 of the Dungeon
  4945 | D:5      | Reached skill level 6 in Maces & Flails
  5003 | D:5      | HP: 1/38 [orc (5)]
  5004 | D:5      | Slain by an orc

Illustrated notes

Levels and vault maps discovered:
D:1:      minmay_arrival_doors, layout_loops_ring, supply_closet_lemuel
D:2:      layout_rooms, ebering_ecumenical_altar_sacrificial
D:3:      layout_basic, grunt_gozag_statues, uniq_natasha
D:4:      layout_basic, mainiacjoe_overflow_surrounded_room
D:5:      layout_cave_pools, yredelemnul_altar_generic, temple_fountains,
          serial_shops, nicolae_diamond_shop, kennysheep_generic_room_7

Skill      XL: |  1  2  3  4  5  6 |
---------------+-------------------+-----
Armour         | 1 2 3 |  3.0
Maces & Flails | 4 5 6 |  6.1
Fighting       | 4 |  4.0
Spellcasting   | |  1.0
Fire Magic     | |  3.0

Action                   |  1- 3 |  4- 6 || total
-------------------------+-------+-------++-------
Melee: Mace              |   166 |   147 ||   313
  Use: Scroll            |       |     6 ||     6
Armor: Scale mail        |   114 |    93 ||   207
       Robe              |     3 |       ||     3
Dodge: Dodged            |   102 |    63 ||   165

Table legend: (Time is in decaauts)
 A = Elapsed time spent in this place.
 B = Non-inter-level travel time spent in this place.
 C = Inter-level travel time spent in this place.
 D = Time resting spent in this place.
 E = Time spent auto-exploring this place.
 F = Levels seen in this place.
 G = Mean time per level.
                   A        B        C        D        E       F      G
               +--------+--------+--------+--------+--------+-----+--------+
         Total |   5062 |   4954 |    108 |   1383 |   2818 |   5 | 1012.4 |
       Dungeon |   5062 |   4954 |    108 |   1383 |   2818 |   5 | 1012.4 |
               +--------+--------+--------+--------+--------+-----+--------+

Top non-repeatable levels by time:
     D:3: 1557 daAuts
     D:1: 1237 daAuts
     D:2: 1141 daAuts
     D:4: 969 daAuts
     D:5: 156 daAuts
